 Dungeon Crawl Stone Soup version 0.29.0-11-gd7f09526c8 (webtiles) character file.

Game seed: 17884398687897450386

39 Sabo the Gusty (level 3, 0/19 HPs)
             Began as a Deep Elf Air Elementalist on Sept 6, 2022.
             Constricted to death by Robin (6 damage)
             ... on level 2 of the Dungeon.
             The game lasted 00:11:02 (1899 turns).

Sabo the Gusty (Deep Elf Air Elementalist)          Turns: 1899, Time: 00:11:02

Health: 0/19       AC:  2    Str:  5    XL:     3   Next: 26%
Magic:  1/9        EV: 10    Int: 21    God:
Gold:   41         SH:  0    Dex: 15    Spells: 7/8 levels left

rFire   . . .      SeeInvis .   i - +0 hand axe
rCold   . . .      Faith    .   (no shield)
rNeg    . . .      Spirit   .   a - +0 robe
rPois   .          Reflect  .   (no helmet)
rElec   .          Harm     .   (no cloak)
rCorr   .          Rampage  .   (no gloves)
Will    .....                   (no boots)
Stlth   ++........              (no amulet)
HPRegen 0.06/turn               (no ring)
MPRegen 0.11/turn               (no ring)

@: grasped by roots, constricted
A: no striking features
a: no special abilities


You were on level 2 of the Dungeon.
You visited 1 branch of the dungeon, and saw 2 of its levels.

You collected 41 gold pieces.

Inventory:

Hand Weapons
 i - a +0 hand axe (weapon)
Armour
 a - a +0 robe (worn)
Scrolls
 c - a scroll of blinking
 f - a scroll of teleportation
 h - a scroll of magic mapping {unknown}
Potions
 b - a potion of magic
 g - a potion of curing {unknown}


   Skills:
 + Level 3.0 Dodging
 + Level 3.0 Stealth
 + Level 3.4 Spellcasting
 + Level 1.1 Conjurations
 + Level 3.5 Air Magic


You had 7 spell levels left.
You knew the following spells:

 Your Spells              Type           Power      Damage    Failure   Level
a - Shock                 Conj/Air       52%        1d6       4%          1

Your spell library contained the following spells:

 Spells                   Type           Power      Damage    Failure   Level
 Static Discharge         Conj/Air       13%        3-5/arc   8%          2
 Swiftness                Air            18%        N/A       9%          3
 Airstrike                Air            9%         2d(2-18)  28%         4
 Lightning Bolt           Conj/Air       6%         1d18      80%         5
 Maxwell's Capacitive Co  Air            9%         ∞         100%        8


Dungeon Overview and Level Annotations

Branches:
Dungeon (2/15)

Altars:

Annotations:
D:2 Robin


Message History

The zap misses Robin.
Robin zaps a wand.
The roots erupt in riotous growth!
The grasping roots grab you! The grasping roots constrict you.
You hear a shout!
You escape the roots grasp.
A hobgoblin comes into view.
Robin says, "Kneel, worm!"
Robin roars a battlecry!
The hobgoblin goes into a battle-frenzy!
You hear a shout!
You hit Robin but do no damage.
Robin is heavily wounded.
Robin barely misses you.
You completely miss Robin.
Robin is heavily wounded.
You hit the hobgoblin.
A goblin comes into view.
It is wielding a +2 dagger of electrocution.
Robin hits you but does no damage.
A goblin comes into view. It is wielding a +0 dagger.
The hobgoblin hits you.
You hit Robin.
Robin is almost dead.
You barely miss the hobgoblin.
A goblin comes into view. It is wielding a +0 club.
The hobgoblin hits you but does no damage.
Robin roars a battlecry!
The goblins go into a battle-frenzy!
A goblin comes into view. It is wielding a +0 dagger.
You hit Robin.
Robin is almost dead.
You hit the hobgoblin.
Robin roars a battlecry!
The goblin goes into a battle-frenzy!
A hobgoblin comes into view.
The hobgoblin closely misses you. The hobgoblin barely misses you.
Robin zaps a wand.
The roots erupt in riotous growth!
The grasping roots grab you!
Robin is unaffected.
The hobgoblin is unaffected.
The grasping roots constrict you.
You die...

.) ## .†. .. ###### .†..
#. #....# ###.... #.
#....# .......
#.###....# .).....
######..##...g##gg.....
.........'..@g'gg.g....
########.##....##.......
# #.........#....#
...####
#.##.##.##.#.#....# ...#
#.#...#.##.#.###### ####
#.....#....#.#
###...).####.# ......###
.. ...#..# ##


You could see Robin, 2 hobgoblins and 4 goblins.

Vanquished Creatures
  A worm (D:2)
  3 endoplasms (D:1)
  4 giant cockroaches (D:1)
  7 goblins
  5 hobgoblins
  4 kobolds (D:1)
  2 quokkas (D:1)
  2 ball pythons (D:1)
  2 bats (D:1)
  A rat (D:1)
31 creatures vanquished.

Notes
Turn   | Place    | Note
-------+----------+-------------------------------------------
     0 | D:1      | Sabo the Deep Elf Air Elementalist began the quest for the
                  | Orb.
     0 | D:1      | Reached XP level 1. HP: 10/10 MP: 6/6
   448 | D:1      | Reached XP level 2. HP: 15/15 MP: 2/8
  1524 | D:2      | Reached XP level 3. HP: 19/19 MP: 7/9
  1882 | D:2      | Noticed Robin
  1899 | D:2      | Constricted to death by Robin

Illustrated notes

Levels and vault maps discovered:
D:1:      amcnicky_arrival_gap_in_the_tavern_cellar, layout_basic,
          chequers_serial_rivers_micro_a
D:2:      layout_basic, uniq_robin

Skill      XL: |  1  2  3 |
---------------+----------+-----
Dodging        | 3 |  3.0
Stealth        | 3 |  3.0
Spellcasting   | |  3.4
Conjurations   | |  1.1
Air Magic      | |  3.5

Action                   || total
-------------------------++-------
Melee: Dagger            ||     7
       Hand axe          ||    12
 Cast: Shock             ||    64
  Use: Scroll            ||     3
Armor: Robe              ||     7
Dodge: Dodged            ||    23
